| TOP OF THE 1ST |
|
St. Louis Cardinals batting - Pitching for Los Angeles Dodgers : RHP Mike Scott
|
|
Pitching: RHP Mike Scott
|
|
|
Batting: SHB Otis Nixon
|
0-0: Ball 1-0: SINGLE (Groundball, 34S, EV 74.4 MPH) (infield hit)
|
|
Batting: LHB Jim Gantner
|
0-0: Ball 1-0: Called Strike 1-1: Ball Wild Pitch! Otis Nixon to second 2-1: Called Strike 2-2: Ball Passed Ball! Otis Nixon to third 3-2: Foul Ball, location: 2F 3-2: SINGLE (Flyball, 5D, EV 90.6 MPH) Otis Nixon scores
|
|
Batting: RHB Sixto Lezcano
|
0-0: Fielders Choice at 2nd, 6-4 (Groundball, 56, EV 76.9 MPH)
|
|
Batting: RHB Bob Watson
|
0-0: Ball 1-0: Foul Ball, location: 2F 1-1: SINGLE (Line Drive, 5D, EV 98.1 MPH) Sixto Lezcano to second
|
|
Batting: LHB Mike Davis
|
0-0: Ball 1-0: Ball 2-0: Ball Bob Watson is caught stealing 2nd base 2-6 Sixto Lezcano steals 3rd base 3-0: Called Strike 3-1: Ground out 4-3 (Groundball, 4M, EV 101.9 MPH)
|
| Top of the 1st over - 1 run, 3 hits, 0 errors, 1 left on base; St. Louis 1 - Los Angeles 0 |
| BOTTOM OF THE 1ST |
|
Los Angeles Dodgers batting - Pitching for St. Louis Cardinals : RHP Tom Candiotti
|
|
Pitching: RHP Tom Candiotti
|
|
|
Batting: RHB Billy Sample
|
0-0: Ball 1-0: Ball 2-0: Bunt missed! 2-1: Fly out, F9 (Flyball, 9, EV 81.9 MPH)
|
|
Batting: RHB Carney Lansford
|
0-0: Called Strike 0-1: Ball 1-1: Called Strike 1-2: Ball 2-2: Ground out 6-3 (Groundball, 6S, EV 87.5 MPH)
|
|
Batting: RHB Jerry Keller
|
0-0: Ball 1-0: Called Strike 1-1: Foul Ball, location: 2F 1-2: Foul Ball, location: 2F 1-2: Fly out, F5 (Flyball, 5D, EV 90.6 MPH)
|
| Bottom of the 1st over - 0 runs, 0 hits, 0 errors, 0 left on base; St. Louis 1 - Los Angeles 0 |
| TOP OF THE 2ND |
|
St. Louis Cardinals batting - Pitching for Los Angeles Dodgers : RHP Mike Scott
|
|
Batting: RHB Joe Torre
|
0-0: Ball 1-0: Ball 2-0: Fly out, F9 (Line Drive, 9, EV 88.1 MPH)
|
|
Batting: LHB Pat Putnam
|
0-0: Ball 1-0: SINGLE (Flyball, 8LS, EV 99.4 MPH)
|
|
Batting: RHB Steve Lubratich
|
0-0: 2-RUN HOME RUN (Line Drive, 78XD, EV 108.1 MPH), Distance : 433 ft
|
|
Batting: RHB Tom Candiotti
|
0-0: Swinging Strike 0-1: Ground out 6-3 (Groundball, 56, EV 98.8 MPH)
|
|
Batting: SHB Otis Nixon
|
0-0: Ball 1-0: Swinging Strike 1-1: Ball 2-1: Swinging Strike 2-2: Strikes out looking
|
| Top of the 2nd over - 2 runs, 2 hits, 0 errors, 0 left on base; St. Louis 3 - Los Angeles 0 |
| BOTTOM OF THE 2ND |
|
Los Angeles Dodgers batting - Pitching for St. Louis Cardinals : RHP Tom Candiotti
|
|
Batting: RHB Dick Davis
|
0-0: Fly out, F9 (Flyball, 9LS, EV 90.0 MPH)
|
|
Batting: RHB Barry Evans
|
0-0: DOUBLE (Flyball, 89XD, EV 110.6 MPH)
|
|
Batting: RHB Roberto Reyes
|
0-0: Ball Barry Evans steals 3rd base 1-0: Ball 2-0: Called Strike 2-1: Ball 3-1: Foul Ball, location: 2F 3-2: Foul Ball, location: 2F 3-2: Base on Balls
|
|
Batting: SHB Spike Owen
|
0-0: Ball 1-0: Foul Ball, location: 2F 1-1: Swinging Strike 1-2: Strikes out swinging
|
|
Batting: RHB Thomas Franklin
|
0-0: Ball 1-0: Foul Ball, location: 2F 1-1: Ball 2-1: Fly out, F9 (Flyball, 9LM, EV 100.0 MPH)
|
| Bottom of the 2nd over - 0 runs, 1 hit, 0 errors, 2 left on base; St. Louis 3 - Los Angeles 0 |
| TOP OF THE 3RD |
|
St. Louis Cardinals batting - Pitching for Los Angeles Dodgers : RHP Mike Scott
|
|
Batting: LHB Jim Gantner
|
0-0: Called Strike 0-1: Foul Ball, location: 2F 0-2: Strikes out swinging
|
|
Batting: RHB Sixto Lezcano
|
0-0: Called Strike 0-1: Ground out 5-3 (Groundball, 56, EV 89.4 MPH)
|
|
Batting: RHB Bob Watson
|
0-0: Called Strike 0-1: Ball 1-1: Foul Ball, location: 2F 1-2: Foul Ball, location: 2F 1-2: Foul Ball, location: 2F 1-2: Foul Ball, location: 2F 1-2: Foul Ball, location: 2F 1-2: Ball 2-2: Ball 3-2: Base on Balls
|
|
Batting: LHB Mike Davis
|
0-0: Ball 1-0: Foul Ball, location: 2F 1-1: Called Strike 1-2: Foul Ball, location: 2F 1-2: Foul Ball, location: 2F 1-2: Fly out, F7 (Line Drive, 7D, EV 91.9 MPH)
|
| Top of the 3rd over - 0 runs, 0 hits, 0 errors, 1 left on base; St. Louis 3 - Los Angeles 0 |
| BOTTOM OF THE 3RD |
|
Los Angeles Dodgers batting - Pitching for St. Louis Cardinals : RHP Tom Candiotti
|
|
Batting: RHB Mike Scott
|
0-0: Ball 1-0: Foul Ball, location: 2F 1-1: Called Strike 1-2: Fly out, F4 (Popup, 3S, EV 89.4 MPH)
|
|
Batting: RHB Billy Sample
|
0-0: Called Strike 0-1: Foul Ball, location: 2F 0-2: Ball 1-2: Ball 2-2: Ball 3-2: Foul Ball, location: 2F 3-2: Fly out, F6 (Popup, 6MS, EV 65.0 MPH)
|
|
Batting: RHB Carney Lansford
|
0-0: Ball 1-0: Ground out 6-3 (Groundball, 6, EV 81.3 MPH)
|
| Bottom of the 3rd over - 0 runs, 0 hits, 0 errors, 0 left on base; St. Louis 3 - Los Angeles 0 |
| TOP OF THE 4TH |
|
St. Louis Cardinals batting - Pitching for Los Angeles Dodgers : RHP Mike Scott
|
|
Batting: RHB Joe Torre
|
0-0: Ball 1-0: Called Strike 1-1: Foul Ball, location: 2F 1-2: Fly out, F9 (Line Drive, 89S, EV 101.9 MPH)
|
|
Batting: LHB Pat Putnam
|
0-0: Foul Ball, location: 2F 0-1: Called Strike 0-2: Ball 1-2: Ground out 4-3 (Groundball, 34, EV 86.9 MPH)
|
|
Batting: RHB Steve Lubratich
|
0-0: Ball 1-0: SINGLE (Line Drive, 4MD, EV 95.0 MPH)
|
|
Batting: RHB Tom Candiotti
|
0-0: Ball 1-0: Ball 2-0: Foul Ball, location: 2F 2-1: Foul Ball, location: 2F 2-2: Foul Ball, location: 2F 2-2: Strikes out swinging
|
| Top of the 4th over - 0 runs, 1 hit, 0 errors, 1 left on base; St. Louis 3 - Los Angeles 0 |
| BOTTOM OF THE 4TH |
|
Los Angeles Dodgers batting - Pitching for St. Louis Cardinals : RHP Tom Candiotti
|
|
Batting: RHB Jerry Keller
|
0-0: SOLO HOME RUN (Flyball, 7D, EV 104.4 MPH), Distance : 432 ft
|
|
Batting: RHB Dick Davis
|
0-0: Fly out, F7 (Flyball, 7D, EV 100.6 MPH)
|
|
Batting: RHB Barry Evans
|
0-0: Foul Ball, location: 2F 0-1: Foul Ball, location: 2F 0-2: Ball 1-2: Ball 2-2: Strikes out swinging
|
|
Batting: RHB Roberto Reyes
|
0-0: Ball 1-0: Fly out, F7 (Line Drive, 7, EV 105.0 MPH)
|
| Bottom of the 4th over - 1 run, 1 hit, 0 errors, 0 left on base; St. Louis 3 - Los Angeles 1 |
| TOP OF THE 5TH |
|
St. Louis Cardinals batting - Pitching for Los Angeles Dodgers : RHP Mike Scott
|
|
Batting: SHB Otis Nixon
|
0-0: Ball 1-0: SINGLE (Groundball, 34D, EV 98.1 MPH)
|
|
Batting: LHB Jim Gantner
|
0-0: Ball 1-0: Sac Bunt to 3S - play at first, batter OUT! 3-4 Otis Nixon to second
|
|
Batting: RHB Sixto Lezcano
|
0-0: Ground out 5-3 (Groundball, 56S, EV 84.4 MPH)
|
|
Batting: RHB Bob Watson
|
0-0: Ball 1-0: Ball 2-0: Called Strike 2-1: Fly out, F8 (Flyball, 8RD, EV 95.6 MPH)
|
| Top of the 5th over - 0 runs, 1 hit, 0 errors, 1 left on base; St. Louis 3 - Los Angeles 1 |
| BOTTOM OF THE 5TH |
|
Los Angeles Dodgers batting - Pitching for St. Louis Cardinals : RHP Tom Candiotti
|
|
Batting: SHB Spike Owen
|
0-0: Ball 1-0: Foul Ball, location: 2F 1-1: Ground out 4-3 (Groundball, 34D, EV 100.0 MPH)
|
|
Batting: RHB Thomas Franklin
|
0-0: Ball 1-0: Called Strike 1-1: Ball 2-1: Ground out 6-3 (Groundball, 6M, EV 88.1 MPH)
|
|
Batting: RHB Mike Scott
|
0-0: Foul Ball, location: 2F 0-1: SOLO HOME RUN (Flyball, 7LD, EV 108.8 MPH), Distance : 345 ft
|
|
Batting: RHB Billy Sample
|
0-0: Foul Ball, location: 2F 0-1: Ball 1-1: Ball 2-1: Ground out 4-3 (Groundball, 4M, EV 78.8 MPH)
|
| Bottom of the 5th over - 1 run, 1 hit, 0 errors, 0 left on base; St. Louis 3 - Los Angeles 2 |
| TOP OF THE 6TH |
|
St. Louis Cardinals batting - Pitching for Los Angeles Dodgers : RHP Mike Scott
|
|
Batting: LHB Mike Davis
|
0-0: Ground out 5-3 (Groundball, 56, EV 100.0 MPH)
|
|
Batting: RHB Joe Torre
|
0-0: Foul Ball, location: 2F 0-1: Ball 1-1: Ball 2-1: Swinging Strike 2-2: Ball 3-2: Foul Ball, location: 2F 3-2: Fly out, F8 (Flyball, 89D, EV 86.3 MPH)
|
|
Batting: LHB Pat Putnam
|
0-0: Ball 1-0: Swinging Strike 1-1: Swinging Strike 1-2: Fly out, F8 (Flyball, 8RD, EV 84.4 MPH)
|
| Top of the 6th over - 0 runs, 0 hits, 0 errors, 0 left on base; St. Louis 3 - Los Angeles 2 |
| BOTTOM OF THE 6TH |
|
Los Angeles Dodgers batting - Pitching for St. Louis Cardinals : RHP Tom Candiotti
|
|
Batting: RHB Carney Lansford
|
0-0: Called Strike 0-1: Fly out, F8 (Flyball, 89D, EV 96.9 MPH)
|
|
Batting: RHB Jerry Keller
|
0-0: Ball 1-0: Called Strike 1-1: Ball 2-1: Foul Ball, location: 2F 2-2: Ball 3-2: Base on Balls
|
|
Batting: RHB Dick Davis
|
0-0: Ball 1-0: Ball 2-0: DOUBLE (Flyball, 78XD, EV 100.0 MPH) Jerry Keller to third Runner from 3rd tries for Home, SAFE, no throw by CF
|
|
Batting: RHB Barry Evans
|
0-0: DOUBLE (Line Drive, 5D, EV 94.4 MPH) Dick Davis scores
|
|
Batting: RHB Roberto Reyes
|
0-0: Ball 1-0: Fly out, F9 (Flyball, 89XD, EV 106.3 MPH) Runner from 2nd tags up, SAFE at 3rd, no throw by RF
|
|
Batting: SHB Spike Owen
|
0-0: Ball 1-0: Ball 2-0: Swinging Strike 2-1: Foul Ball, location: 2F 2-2: Ball 3-2: Base on Balls
|
|
Batting: RHB Thomas Franklin
|
0-0: Ball 1-0: Ball 2-0: Ball 3-0: Base on Balls Spike Owen to second
|
|
Batting: RHB Mike Scott
|
0-0: Ball 1-0: Called Strike 1-1: Fly out, F7 (Flyball, 7, EV 88.8 MPH)
|
| Bottom of the 6th over - 2 runs, 2 hits, 0 errors, 3 left on base; St. Louis 3 - Los Angeles 4 |
| TOP OF THE 7TH |
|
St. Louis Cardinals batting - Pitching for Los Angeles Dodgers : RHP Mike Scott
|
|
Batting: RHB Steve Lubratich
|
0-0: Ball 1-0: Ground out 4-3 (Groundball, 4, EV 76.9 MPH)
|
|
Batting: RHB Tom Candiotti
|
0-0: Called Strike 0-1: Ground out 6-3 (Groundball, 6, EV 103.1 MPH)
|
|
Batting: SHB Otis Nixon
|
0-0: Called Strike 0-1: Called Strike 0-2: Ground out 6-3 (Groundball, 6MS, EV 73.1 MPH)
|
| Top of the 7th over - 0 runs, 0 hits, 0 errors, 0 left on base; St. Louis 3 - Los Angeles 4 |
| BOTTOM OF THE 7TH |
|
Los Angeles Dodgers batting - Pitching for St. Louis Cardinals : RHP Tom Candiotti
|
|
Batting: RHB Billy Sample
|
0-0: Called Strike 0-1: Foul Ball, location: 2F 0-2: Ball 1-2: Foul Ball, location: 2F 1-2: Ground out 6-3 (Groundball, 6M, EV 105.6 MPH)
|
|
Batting: RHB Carney Lansford
|
0-0: Ball 1-0: Ball 2-0: Ball 3-0: Called Strike 3-1: Reached on error, E5 (Groundball, 56, EV 84.4 MPH)
|
|
Pitching: RHP Robert Arnold
|
|
|
Batting: RHB Jerry Keller
|
0-0: Fly out, F3 (Popup, 3L, EV 67.5 MPH)
|
|
Batting: RHB Dick Davis
|
0-0: Ball 1-0: Ground out 4-3 (Groundball, 4M, EV 83.1 MPH)
|
| Bottom of the 7th over - 0 runs, 0 hits, 1 error, 1 left on base; St. Louis 3 - Los Angeles 4 |
| TOP OF THE 8TH |
|
St. Louis Cardinals batting - Pitching for Los Angeles Dodgers : RHP Mike Scott
|
|
Batting: LHB Jim Gantner
|
0-0: Ball 1-0: Foul Ball, location: 2F 1-1: Foul Ball, location: 2F 1-2: Foul Ball, location: 2F 1-2: Fly out, F7 (Flyball, 7S, EV 94.4 MPH)
|
|
Batting: RHB Sixto Lezcano
|
0-0: Called Strike 0-1: Called Strike 0-2: Strikes out swinging
|
|
Batting: RHB Bob Watson
|
0-0: Foul Ball, location: 2F 0-1: Ball 1-1: SINGLE (Groundball, 4MD, EV 95.6 MPH)
|
|
Pitching: RHP Steve Foucault
|
|
|
Batting: LHB Mike Davis
|
0-0: Called Strike 0-1: Called Strike 0-2: Strikes out swinging
|
| Top of the 8th over - 0 runs, 1 hit, 0 errors, 1 left on base; St. Louis 3 - Los Angeles 4 |
| BOTTOM OF THE 8TH |
|
Los Angeles Dodgers batting - Pitching for St. Louis Cardinals : RHP Robert Arnold
|
|
Batting: RHB Barry Evans
|
0-0: Ground out 5-3 (Groundball, 56, EV 95.0 MPH)
|
|
Batting: RHB Roberto Reyes
|
0-0: Fly out, F8 (Flyball, 78D, EV 106.3 MPH)
|
|
Batting: SHB Spike Owen
|
0-0: Called Strike 0-1: Swinging Strike 0-2: Ball 1-2: Fly out, F9 (Flyball, 89M, EV 91.9 MPH)
|
| Bottom of the 8th over - 0 runs, 0 hits, 0 errors, 0 left on base; St. Louis 3 - Los Angeles 4 |
| TOP OF THE 9TH |
|
St. Louis Cardinals batting - Pitching for Los Angeles Dodgers : RHP Steve Foucault
|
|
Now at 1B: Chris W Smith
|
|
|
Batting: RHB Joe Torre
|
0-0: Foul Ball, location: 2F 0-1: Called Strike 0-2: Ball 1-2: Foul Ball, location: 2F 1-2: Foul Ball, location: 2F 1-2: Ball 2-2: Fly out, F8 (Flyball, 8LXD, EV 108.1 MPH)
|
|
Batting: LHB Pat Putnam
|
0-0: Called Strike 0-1: Ground out 5-3 (Groundball, 56, EV 101.3 MPH)
|
|
Pinch Hitting: LHB Mark Hildebrand
|
0-0: Ball 1-0: Called Strike 1-1: Ground out 6-3 (Groundball, 56, EV 105.6 MPH)
|
| Top of the 9th over - 0 runs, 0 hits, 0 errors, 0 left on base; St. Louis 3 - Los Angeles 4 |
|